 Dungeon Crawl Stone Soup version 0.25-a0-458-g6fc7858b95 (webtiles) character file.

Game seed: 587643817011992996, levelgen mode: deterministic

107 Nattfarinn the Sneak (level 4, -5/23 HPs)
             Began as a Vine Stalker Assassin on Feb 2, 2020.
             Slain by an ice beast (11 damage)
             ... on level 3 of the Dungeon.
             The game lasted 00:05:23 (2168 turns).

Nattfarinn the Sneak (Vine Stalker Assassin)        Turns: 2168, Time: 00:05:23

Health: -5/23      AC:  2    Str: 13    XL:     4   Next: 86%
Magic:  0/5        EV: 11    Int: 11    God:
Gold:   92         SH:  0    Dex: 17    Spells: 3/3 levels left

rFire    . . .     SeeInvis .   a - +2 dagger (holy)
rCold    . . .     Gourm    .   (no shield)
rNeg     . . .     Faith    .   r - -2 leather armour (curse)
rPois    .         Spirit   +   (no helmet)
rElec    .         Reflect  .   c - +0 cloak
rCorr    +         Harm     .   (no gloves)
MR       .....                  (no boots)
Stlth    +++.......             t - amulet of inaccuracy (curse)
HPRegen  0.47/turn              i - ring of resist corrosion
MPRegen  0.09/turn              (no ring)

@: no status effects
A: fangs 2, regeneration 1, magic shield, antimagic bite, no potion heal 3, rot
immunity
a: no special abilities


You were on level 3 of the Dungeon.
You were not hungry.

You visited 1 branch of the dungeon, and saw 3 of its levels.

You collected 92 gold pieces.

Inventory:

Hand Weapons
 a - a +2 dagger of holy wrath (weapon)
 j - a +2 dagger
Missiles
 d - 8 poisoned darts (quivered)
 e - 2 curare-tipped darts
Armour
 b - a +0 robe
 c - a +0 cloak (worn)
 h - a +2 leather armour of poison resistance
 p - a +0 leather armour
 r - a cursed -2 leather armour (worn)
Jewellery
 i - a ring of resist corrosion (left hand)
 t - a cursed amulet of inaccuracy (around neck)
Wands
 q - a wand of iceblast (10)
Scrolls
 g - a scroll of teleportation
 l - a scroll of amnesia
 s - 2 scrolls of identify
Potions
 k - a potion of might {unknown}
 m - a potion of curing
 n - 2 potions of mutation {unknown}
Comestibles
 f - 4 rations
 o - 2 chunks of flesh


   Skills:
 + Level 2.6 Fighting
 * Level 3.4 Short Blades
 - Level 1.7 Throwing
 + Level 1.4 Armour
 - Level 0.7 Dodging
 - Level 4.8 Stealth


You had 3 spell levels left.
You didn't know any spells.
Your spell library was empty.

Dungeon Overview and Level Annotations

Branches:
Dungeon (3/15)

Altars:
Cheibriados
Yredelemnul


Innate Abilities, Weirdness & Mutations

You have extremely sharp teeth.
Your natural rate of healing is unusually fast.
When hurt, damage is shared between your health and your magic reserves.
Your bite disrupts and absorbs the magic of your enemies.
Potions cannot restore your health.
You are immune to rotting.


Message History

You kill the leopard gecko!
You hit the ice beast but do no damage. You bite the ice beast.
You drain its power.
The ice beast is lightly wounded.
You hit the ice beast but do no damage. Your bite misses the ice beast.
The ice beast is lightly wounded.
The ice beast barely misses you.
You miss the ice beast.
The ice beast is lightly wounded.
The ice beast misses you.
Some of the chunks of flesh in your inventory have rotted away.
You hit the ice beast. Your bite misses the ice beast.
The ice beast is lightly wounded.
The ice beast hits you. The ice beast freezes you.
You hit the ice beast.
The ice beast is lightly wounded.
The ice beast hits you.
* * * LOW HITPOINT WARNING * * *
The ice beast freezes you!
You die...

.##+#.#.#....#...####.#
..........._........#.#
#........#....#.#.)...#
#........##...#.###.###
#....#รท.....###.###.####
##..##..........#......#
............#####.#.##.#
###.##.####..###....##.#
.....#.# ###.#.Y@.......
###..#.#... .#$#....##.#
###!.#.#.#####.#...## #
#..)...............#
###....#.#.#.#.##..#
#..........#. #..#
##..>..#.#.#. ..#
#........... ..#
#..........


You could see an ice beast.

Vanquished Creatures
  4 adders
  A worm (D:2)
  A dart slug (D:2)
  3 leopard geckos
  An orc (D:3)
  2 giant cockroaches (D:1)
  6 goblins
  11 hobgoblins
  3 jackals (D:2)
  A quokka (D:2)
  A ball python (D:2)
  10 bats
  5 frilled lizards
  2 gnoll zombies (D:2)
  4 kobolds
  6 rats
61 creatures vanquished.

Notes
Turn   | Place    | Note
-------+----------+-------------------------------------------
     0 | D:1      | Nattfarinn the Vine Stalker Assassin began the quest for
                  | the Orb.
     0 | D:1      | Reached XP level 1. HP: 11/11 MP: 2/2
   170 | D:1      | Reached XP level 2. HP: 11/15 MP: 3/3
   897 | D:1      | Reached XP level 3. HP: 18/18 MP: 4/4
  1239 | D:2      | Reached skill level 1 in Armour
  1570 | D:2      | Gained mutation: Your natural rate of healing is unusually
                  | fast. [Vine Stalker growth]
  1570 | D:2      | Reached XP level 4. HP: 16/23 MP: 5/5
  1852 | D:2      | Found a basalt altar of Yredelemnul.
  2074 | D:3      | Found a snail-covered altar of Cheibriados.
  2147 | D:3      | Noticed an ice beast
  2168 | D:3      | Slain by an ice beast

Levels and vault maps discovered:
D:1:      matt_arrival_diagonals, layout_loops_corners
D:2:      layout_loops_cross, lemuel_zombie_altar_yredelemnul
D:3:      kennysheep_big_flooded_room, layout_basic,
          nicolae_overflow_crystal_walls, old_standard_altar,
          serial_bayou_pond_b

Skill      XL: |  1  2  3 |
---------------+----------+-----
Short Blades   | 2 3 |  3.4
Fighting       | 2 |  2.6
Armour         | 1 |  1.4
Throwing       | |  1.7
Dodging        | |  0.7
Stealth        | |  4.8

Action                   |  1- 3 |  4- 6 || total
-------------------------+-------+-------++-------
Melee: Dagger            |   105 |    68 ||   173
       Bite              |    24 |    21 ||    45
  Use: Scroll            |     6 |     1 ||     7
       Potion            |       |     1 ||     1
 Stab: Sleeping          |    13 |     1 ||    14
       Distracted        |     1 |       ||     1
  Eat: Chunk             |     2 |     2 ||     4
Armor: Robe              |    29 |       ||    29
       Leather armour    |       |     6 ||     6
Dodge: Dodged            |    63 |    26 ||    89

Table legend:
 A = Non-vault XP
 B = Vault XP
 C = Vault XP percentage of total XP
 D = Non-vault monster count
 E = Vault monster count
 F = Vault count percentage of total count
                 A         B        C        D         E       F
            +---------+---------+-------+---------+---------+-------
      Total |     151 |       3 |   1.9 |      59 |       2 |   3.3
            +---------+---------+-------+---------+---------+-------
        D:1 |      37 |       0 |   0.0 |      23 |       0 |   0.0
        D:2 |      90 |       3 |   3.2 |      30 |       2 |   6.2
        D:3 |      24 |       0 |   0.0 |       6 |       0 |   0.0
            +---------+---------+-------+---------+---------+-------
